 Dungeon Crawl Stone Soup version 0.29-a0-757-g358383bc75 (webtiles) character file.

Game seed: 2359239180941972542

909 scionoferis the Conjurer (level 7, 28/56 HPs)
             Began as a Yellow Draconian Conjurer on June 30, 2022.
             Was an Initiate of Vehumet.
             Got out of the dungeon alive.
             The game lasted 00:15:03 (4061 turns).

scionoferis the Conjurer (DrCj)                     Turns: 4061, Time: 00:15:04

Health: 28/56      AC:  6    Str:  9    XL:     7   Next: 81%
Magic:  13/13      EV: 12    Int: 21    God:    Vehumet [......]
Gold:   172        SH:  0    Dex:  9    Spells: 4/14 levels left

rFire   . . .      SeeInvis +   a - +2 dagger (venom)
rCold   . . .      Faith    .   (no shield)
rNeg    . . .      Spirit   .   (body armour unavailable)
rPois   .          Reflect  .   (helmet restricted)
rElec   .          Harm     .   (no cloak)
rCorr   +          Rampage  .   (no gloves)
Will    .....                   (no boots)
Stlth   ++........              (no amulet)
HPRegen 0.18/turn               y - ring of see invisible
MPRegen 0.13/turn               (no ring)

@: no status effects
A: spit acid, AC +6, unfitting armour, cold-blooded, acid resistance
a: Breathe Acid, Renounce Religion


You escaped.
You worshipped Vehumet.
Vehumet was noncommittal.
You visited 1 branch of the dungeon, and saw 5 of its levels.

You collected 172 gold pieces.

Inventory:

Hand Weapons
 a - a +2 dagger of venom (weapon)
 b - a +0 sling
 m - a +0 war axe
Missiles
 l - 6 javelins
 n - 34 stones
Jewellery
 y - a ring of see invisible (left hand)
Wands
 u - a wand of polymorph (17)
Scrolls
 e - 2 scrolls of teleportation {unknown}
 f - 4 scrolls of identify {unknown}
 j - a scroll of noise {unknown}
 r - a scroll of enchant weapon {unknown}
 t - 2 scrolls of poison {unknown}
 x - a scroll of enchant armour {unknown}
Potions
 c - 2 potions of invisibility
 d - a potion of magic
 g - a potion of cancellation {unknown}
 h - a potion of heal wounds {unknown}
 i - 3 potions of curing
 k - 2 potions of mutation {unknown}
 o - 2 potions of attraction {unknown}
 p - a potion of lignification {unknown}
 q - a potion of brilliance {unknown}
 s - a potion of experience {unknown}
 v - a potion of resistance {unknown}
 w - 2 potions of berserk rage {unknown}
 z - a potion of haste {unknown}


   Skills:
 + Level 2.6 Fighting
 + Level 2.3 Short Blades
 + Level 3.1 Dodging
 + Level 3.3 Stealth
 * Level 4.0 Spellcasting
 + Level 5.3 Conjurations
 + Level 1.6 Fire Magic
 + Level 2.3 Air Magic
 + Level 2.3 Poison Magic


You had 4 spell levels left.
You knew the following spells:

 Your Spells              Type           Power      Damage    Failure   Level
a - Magic Dart            Conj           100%       1d8       1%          1
b - Searing Ray           Conj           52%        2d6       1%          2
c - Mephitic Cloud        Conj/Pois/Air  18%        N/A       9%          3
d - Apportation           Tloc           8%         N/A       12%         1
e - Conjure Flame         Conj/Fire      19%        6-21      9%          3

Your spell library contained the following spells:

 Spells                   Type           Power      Damage    Failure   Level
 Poisonous Vapours        Pois/Air       28%        N/A       7%          2
 Necrotize                Necr           16%        1d4       12%         1
 Summon Small Mammal      Summ           16%        N/A       12%         1
 Dazzling Flash           Conj/Hex       30%        N/A       12%         3
 Stone Arrow              Conj/Erth      30%        3d8       12%         3
 Fulminant Prism          Conj/Hex       7%         3d7       36%         4
 Iskenderun's Mystic Bla  Conj/Tloc      15%        2d5       36%         4


Dungeon Overview and Level Annotations

Branches:
Dungeon (5/15)
 Temple: D:4-7

Altars:
Vehumet

Annotations:
D:3 exclusion: Sigmund


Innate Abilities, Weirdness & Mutations

You can spit globs of acid.
Your golden yellow scales are hard. (AC +6)
You cannot fit into any form of body armour.
You are cold-blooded and may be slowed by cold attacks.
You are resistant to acid. (rCorr)


Message History

Things that are here:
a +0 giant club; a +0 dire flail
Casting: Searing Ray (safe; 1% risk of failure)
Confirm with . or Enter, or press ? or * to list all spells.
Aiming: Searing Ray (safe; 1% risk of failure)
Press: ? - help, Shift-Dir - straight line, f - orc
Aim: an orc, wielding a +0 dagger (79% to hit)
The searing ray hits the orc!
You kill the orc!
Vehumet accepts your kill. (Press . to maintain the ray.)
(D) Dungeon
Where to? (Enter - D:1, ? - help)
Things that are here:
a +0 dagger; an orc corpse
Things that are here:
a +0 giant club; a +0 dire flail
There is a stone staircase leading up here.
You climb upwards.
There is a stone staircase leading down here.
There is an open door here.
There is an open door here.
There is an open door here.
There is a stone staircase leading up here.
You climb upwards.
Level annotation: exclusion: Sigmund
There is a stone staircase leading down here.
There is a stone staircase leading up here.
You climb upwards.
There is a stone staircase leading down here.
There is a stone staircase leading up here.
You climb upwards.
There is a stone staircase leading down here.
(D) Dungeon
Where to? (Enter - D:1, ? - help)
Okay, then.
Magic restored.
There is a staircase leading out of the dungeon here.
Are you sure you want to leave the Dungeon?
This will make you lose the game!
You have escaped!

#..##.#....###.#................#
##.##....#.#...###..#####........
#####..#.#.#......#.### #......##
# #......#....#.....# ##.....#
#####..........#.#..#.####...###
≈##...........#...#......##..#
≈≈#####..#####.....#####.[...#
≈≈#####...#...........#...##.#
≈≈#.....#..#....@....#....##>#
≈≈#######..#.........#...#####
≈..# #..#...........#..# ≈≈##
#.#####.....#####.# ≈≈#
#......#...#......# ..#
####.#..#.#..###### ..#
#.##..#..## ..# #.###...## ###
#.....###


There were no monsters in sight!

Vanquished Creatures
  A two-headed ogre (D:5)
  Sigmund (D:3)
  Jessica (D:2)
  Ijyb (D:3)
  6 adders
  A dart slug (D:2)
  A worm (D:2)
  9 orcs
  5 endoplasms
  2 giant cockroaches (D:4)
  3 goblins (D:2)
  6 hobgoblins
  A quokka (D:2)
  8 ball pythons
  8 bats
  5 frilled lizards
  2 kobolds
  5 rats (D:2)
66 creatures vanquished.

Vanquished Creatures (others)
  3 plants
3 creatures vanquished.

Grand Total: 69 creatures vanquished

Notes
Turn   | Place    | Note
-------+----------+-------------------------------------------
     0 | D:1      | scionoferis the Draconian Conjurer began the quest for the
                  | Orb.
     0 | D:1      | Reached XP level 1. HP: 14/14 MP: 3/3
   341 | D:1      | Got the Disquisition on Arcane Weapons and Lightness
   370 | D:1      | You fall into a shaft and drop 1 floor!
   716 | D:2      | Reached XP level 2. HP: 16/20 MP: 5/5
  1197 | D:2      | Reached XP level 3. HP: 26/26 MP: 4/6
  1200 | D:2      | Learned a level 2 spell: Searing Ray
  1204 | D:2      | Learned a level 3 spell: Mephitic Cloud
  1272 | D:2      | Found a faded altar of an unknown god.
  1676 | D:2      | Noticed Jessica
  1683 | D:2      | Killed Jessica
  1684 | D:2      | Reached XP level 4. HP: 34/34 MP: 3/7
  1887 | D:3      | Noticed Sigmund
  1964 | D:3      | Found a radiant altar of Vehumet.
  1972 | D:3      | Became a worshipper of Vehumet
  2011 | D:3      | Reached skill level 1 in Fighting
  2490 | D:3      | Noticed Ijyb
  2569 | D:3      | Killed Ijyb
  2882 | D:3      | Killed Sigmund
  2883 | D:3      | Reached skill level 1 in Short Blades
  2883 | D:3      | Reached skill level 1 in Air Magic
  2883 | D:3      | Reached skill level 1 in Poison Magic
  2883 | D:3      | Reached XP level 5. HP: 32/40 MP: 1/9
  2883 | D:3      | Reached XP level 6. HP: 37/47 MP: 1/10
  3230 | D:4      | Learned a level 1 spell: Apportation
  3234 | D:4      | Learned a level 3 spell: Conjure Flame
  3669 | D:4      | Reached skill level 5 in Conjurations
  3855 | D:5      | Entered Level 5 of the Dungeon
  3940 | D:5      | Noticed a two-headed ogre
  3955 | D:5      | Killed a two-headed ogre
  3956 | D:5      | Reached skill level 1 in Fire Magic
  3956 | D:5      | Your scales start taking on a golden yellow colour.
  3956 | D:5      | Reached XP level 7. HP: 9/56 MP: 1/13
  3956 | D:5      | Gained mutation: You are resistant to acid. (rCorr) [Yellow
                  | Draconian growth]
  4061 | D:$      | Got out of the dungeon alive.

Illustrated notes

Levels and vault maps discovered:
D:1:      scummos_arrival_star, layout_basic, chequers_serial_rivers_large_a,
          minivault_27
D:2:      layout_loops_ring, basic_ecumenical_altar, uniq_jessica
D:3:      layout_basic, mainiacjoe_overflow_chevrons, serial_bayou_pond_c,
          roderic_lattice_a, st_stairs_8, uniq_ijyb, uniq_sigmund
D:4:      layout_basic
D:5:      layout_loops_ring, mainiacjoe_overflow_concentric_impassable,
          serial_bayou, serial_bayou_pond_e, serial_bayou_crossing,
          serial_bayou_shore_b, serial_bayou_pond_a

Skill      XL: |  1  2  3  4  5  6 |
---------------+-------------------+-----
Stealth        | 2 3 |  3.3
Dodging        | 2 3 |  3.1
Fighting       | 1 2 |  2.6
Short Blades   | 1 2 |  2.3
Spellcasting   | 3 4 |  4.0
Air Magic      | 1 2 |  2.3
Poison Magic   | 1 2 |  2.3
Conjurations   | 5 |  5.3
Fire Magic     | 1 |  1.6

Action                   |  1- 3 |  4- 6 |  7- 9 || total
-------------------------+-------+-------+-------++-------
Melee: War axe           |    24 |       |       ||    24
       Tailslap          |     3 |     9 |       ||    12
       Dagger            |    27 |    56 |       ||    83
       Punch             |     1 |       |       ||     1
       Unarmed           |       |     2 |       ||     2
 Cast: Magic Dart        |    24 |     5 |       ||    29
       Searing Ray       |     3 |     9 |     1 ||    13
       Mephitic Cloud    |       |     2 |       ||     2
  Use: Potion            |     2 |       |       ||     2
 Stab: Sleeping          |     4 |     3 |       ||     7
       Confused          |       |     2 |       ||     2
Armor: Skin              |    14 |    16 |       ||    30
Dodge: Dodged            |    42 |    31 |       ||    73

Table legend: (Time is in decaauts)
 A = Elapsed time spent in this place.
 B = Non-inter-level travel time spent in this place.
 C = Inter-level travel time spent in this place.
 D = Time resting spent in this place.
 E = Time spent auto-exploring this place.
 F = Levels seen in this place.
 G = Mean time per level.
                   A        B        C        D        E       F      G
               +--------+--------+--------+--------+--------+-----+--------+
         Total |   4078 |   3932 |    146 |    271 |   3001 |   5 |  815.6 |
       Dungeon |   4078 |   3932 |    146 |    271 |   3001 |   5 |  815.6 |
               +--------+--------+--------+--------+--------+-----+--------+

Top non-repeatable levels by time:
     D:2: 1214 daAuts
     D:3: 1186 daAuts
     D:4: 849 daAuts
     D:1: 687 daAuts
     D:5: 140 daAuts
